 Dungeon Crawl Stone Soup version 0.21.1-1-g345015fe64 (webtiles) character file.

3610 Gargoyl the Chopper (level 9, -4/79 HPs)
             Began as a Centaur Abyssal Knight on May 30, 2018.
             Was an Elder of Lugonu.
             Slain by an ice beast (12 damage)
             ... on level 7 of the Dungeon.
             The game lasted 00:12:05 (9055 turns).

Gargoyl the Chopper (Centaur Abyssal Knight)        Turns: 9055, Time: 00:12:05

Health: -4/79      AC: 10    Str: 15    XL:     9   Next: 86%
Magic:  22/22      EV:  4    Int: 11    God:    Lugonu [****..]
Gold:   391        SH:  0    Dex: 12    Spells: 8/8 levels left

rFire    . . .     SeeInvis .   n - +4 war axe (venom)
rCold    . . .     Gourm    .   (no shield)
rNeg     . . .     Faith    .   D - +0 chain mail
rPois    .         Spirit   .   b - +1 helmet
rElec    .         Reflect  .   (no cloak)
rCorr    .         Harm     .   (no gloves)
MR       +....                  (no barding)
Stlth    ..........             (no amulet)
HPRegen  0.23/turn              i - ring of magical power
MPRegen  0.18/turn              l - ring of protection from magic

@: heavily drained, very quick
A: large, hooves 3, deformed body, speed 2, tough skin 3
a: Depart the Abyss, Bend Space, Banish, Corrupt, Renounce Religion


You were on level 7 of the Dungeon.
You worshipped Lugonu.
Lugonu was greatly pleased with you.
You were not hungry.

You visited 1 branch of the dungeon, and saw 8 of its levels.
You visited the Abyss 1 time.
You also visited: Sewer.

You collected 391 gold pieces.

Inventory:

Hand Weapons
 a - a +2 hand axe
 n - a +4 war axe of venom (weapon)
Armour
 b - a +1 helmet (worn)
 g - a +0 ring mail
 D - a +0 chain mail (worn)
Jewellery
 i - a ring of magical power (left hand)
 l - a ring of protection from magic (right hand)
Wands
 f - a wand of iceblast (11)
 w - a wand of clouds (6)
 B - a wand of disintegration (10)
Scrolls
 d - 5 scrolls of remove curse
 e - a scroll of identify
 o - 2 scrolls of fog
 p - 4 scrolls of teleportation
 q - 4 scrolls of fear
Potions
 h - 3 potions of agility
 j - 2 potions of lignification {unknown}
 k - a potion of brilliance
 m - 5 potions of curing
 r - 3 potions of magic
 s - a potion of resistance {unknown}
 t - a potion of might
 u - a potion of heal wounds {unknown}
 v - 4 potions of flight {unknown}
 x - 2 potions of haste
 z - a potion of cancellation {unknown}
 A - a potion of ambrosia {unknown}
 C - a potion of degeneration {unknown}
Books
 y - a book of Air

   Spells                             Type                      Level
   a - Shock                          Conjuration/Air              1
   b - Swiftness                      Charms/Air                   2
   c - Static Discharge               Conjuration/Air              3
   d - Airstrike                      Air                          4
   e - Lightning Bolt                 Conjuration/Air              5
 E - the Compendium of Orientation and Ice
   (You found it on level 5 of the Dungeon)

   Spells                             Type                      Level
   a - Ensorcelled Hibernation        Hexes/Ice                    2
   b - Blink                          Translocation                2
   c - Gell's Gravitas                Translocation                3
   d - Teleport Other                 Translocation                3
   e - Summon Ice Beast               Ice/Summoning                4
   f - Dispersal                      Translocation                6
Comestibles
 c - 4 rations


   Skills:
 + Level 7.0(5.2) Fighting
 + Level 7.8(6.0) Axes
 * Level 5.7(4.0) Armour
 + Level 1.9(0.3) Dodging
 * Level 6.3(4.6) Invocations


You had 8 spell levels left.
You didn't know any spells.

Dungeon Overview and Level Annotations

Branches:
Dungeon (8/15)             Temple (0/1) D:4
   Lair: D:8-11

Altars:
Cheibriados
Zin


Innate Abilities, Weirdness & Mutations

You have hooves in place of feet.
Armour fits poorly on your strangely shaped body.
You cover ground very quickly.
You have extremely tough skin. (AC +3)


Message History

The ice beast is heavily wounded.
You hit the phantom. The ice beast barely misses you. The phantom hits you!
* * * LOW HITPOINT WARNING * * *
The phantom blinks!
The ice beast barely misses you.
You hit the ice beast.
The ice beast is poisoned.
You kick the ice beast.
The ice beast is severely wounded.
The ice beast hits you.
* * * LOW HITPOINT WARNING * * *
The ice beast freezes you!
* * * LOW HITPOINT WARNING * * *
You hit the ice beast.
The ice beast is almost dead.
You hit the phantom.
The phantom blinks!
The ice beast hits you but does no damage.
You closely miss the ice beast.
The ice beast is almost dead.
The ice beast hits you.
* * * LOW HITPOINT WARNING * * *
The ice beast freezes you!
You die...

#.#.. #.#.#
#.#.#####
#.#.#...## #
##>#..#...###.#
#.#..##.#.....
##.).......#
##..##..#.#
###.#.#.@.##
#.......Y..#
#.#.###..#.#
#.#.# #..#.# #
#.###.##.#
#...... .
#####.# # #...#
##.#[#


You could see an ice beast.

Vanquished Creatures
  A glowing orange brain (Abyss:1)
  Pikel (D:5)
  The ghost of AgentFluffy the Chopper, an amateur MiBe of Trog (D:3)
  An orc warrior (D:6)
  A phantom (D:5)
  A sky beast (D:6)
  2 slaves (D:5)
  2 ogres
  2 centaurs
  3 bullfrogs
  Blork the orc (D:5)
  8 wights
  2 howler monkeys
  A crimson imp (D:4)
  A centaur zombie (D:5)
  An orc priest (D:6)
  A centaur skeleton (D:7)
  2 hounds (D:5)
  A jelly (D:5)
  2 bullfrog skeletons (D:5)
  An iguana (D:4)
  2 orc wizards (D:6)
  6 worker ants
  A hound skeleton (D:5)
  2 howler monkey zombies
  Robin (D:2)
  7 gnolls
  19 adders
  2 river rats (Sewer)
  A shadow imp (D:5)
  2 oozes (Sewer)
  A worm (D:3)
  3 dart slugs
  A leopard gecko (D:4)
  3 orcs
  13 ball pythons
  5 giant cockroaches
  9 goblins
  14 hobgoblins
  9 jackals
  10 kobolds
  6 quokkas
  A ball python skeleton (D:4)
  4 bats
  6 frilled lizards
  A quokka skeleton (D:6)
  A quokka zombie (D:6)
  35 rats
201 creatures vanquished.

Vanquished Creatures (collateral kills)
  An orc (D:6)
1 creature vanquished.

Vanquished Creatures (others)
  The ghost of szakal1211 the Fighter, a novice MiFi (D:7)
  A slave (D:5)
  A hound skeleton (D:5)
3 creatures vanquished.

Grand Total: 205 creatures vanquished

Notes
Turn   | Place    | Note
-------+----------+-------------------------------------------
     0 | Abyss:1  | Gargoyl the Centaur Abyssal Knight began the quest for the Orb.
     0 | Abyss:1  | Reached XP level 1. HP: 19/19 MP: 2/2
    45 | Abyss:1  | Found a roughly hewn altar of Beogh.
    56 | Abyss:1  | Noticed a glowing orange brain
    65 | Abyss:1  | Noticed a wretched star
    96 | Abyss:1  | Killed a glowing orange brain
    96 | Abyss:1  | Reached skill level 5 in Fighting
    96 | Abyss:1  | Reached XP level 2. HP: 24/24 MP: 4/4
    96 | Abyss:1  | Reached XP level 3. HP: 29/29 MP: 5/5
    96 | Abyss:1  | Reached XP level 4. HP: 35/35 MP: 6/6
    96 | Abyss:1  | Reached XP level 5. HP: 40/40 MP: 7/7
    96 | Abyss:1  | Reached XP level 6. HP: 45/45 MP: 8/8
    96 | Abyss:1  | Reached XP level 7. HP: 49/49 MP: 9/9
   109 | Abyss:1  | Noticed a worldbinder
   115 | Abyss:1  | Noticed a yaktaur
   115 | Abyss:1  | Noticed an ironheart preserver
   117 | Abyss:1  | Noticed an ironheart preserver
   119 | D:1      | Escaped the Abyss
   539 | D:1      | Reached * piety under Lugonu
  1737 | D:2      | Noticed Robin
  1750 | D:2      | Killed Robin
  1753 | D:2      | Reached ** piety under Lugonu
  1981 | D:2      | Found a faded altar of an unknown god.
  3283 | D:3      | Found a glowing drain.
  3293 | Sewer    | Entered a sewer
  3399 | Sewer    | Reached *** piety under Lugonu
  3405 | Sewer    | Reached skill level 5 in Axes
  3579 | Sewer    | Reached skill level 1 in Dodging
  3991 | D:3      | Reached XP level 8. HP: 33/70 MP: 10/10
  4464 | D:3      | Noticed AgentFluffy's ghost (amateur MiBe)
  4479 | D:3      | Killed AgentFluffy's ghost
  4479 | D:3      | Reached **** piety under Lugonu
  5355 | D:4      | Found a staircase to the Ecumenical Temple.
  5719 | D:5      | Entered Level 5 of the Dungeon
  5927 | D:5      | Noticed Blork the orc
  5930 | D:5      | Noticed Pikel
  5939 | D:5      | Killed Blork the orc
  6216 | D:5      | Killed Pikel
  6216 | D:5      | Reached skill level 5 in Invocations
  6271 | D:5      | Identified the Compendium of Orientation and Ice
  6345 | D:5      | Reached XP level 9. HP: 78/78 MP: 12/12
  6986 | D:5      | Found a glowing silver altar of Zin.
  6987 | D:5      | Noticed an angel
  7364 | D:6      | Found a snail-covered altar of Cheibriados.
  7850 | D:6      | Reached ***** piety under Lugonu
  7854 | D:6      | Reached skill level 5 in Armour
  8698 | D:7      | Noticed szakal1211's ghost (novice MiFi)
  9027 | D:7      | Banished szakal1211's ghost
  9055 | D:7      | Slain by an ice beast

Skill      XL: |  1  2  3  4  5  6  7  8  9 |
---------------+----------------------------+-----
Fighting       | 5 6 7 |  7.0
Axes           | 4 5 6 7 |  7.8
Armour         | 2 3 4 5 |  5.7
Invocations    | 3 5 6 |  6.3
Dodging        | 1 |  1.9

Action                   |  1- 3 |  4- 6 |  7- 9 || total
-------------------------+-------+-------+-------++-------
Melee: Hand axe          |    35 |       |   169 ||   204
       Kick              |     6 |       |    92 ||    98
       War axe           |       |       |   308 ||   308
Invok: Depart the Abyss  |       |       |     1 ||     1
       Bend Space        |       |       |     1 ||     1
       Banish            |       |       |     1 ||     1
  Use: Potion            |     1 |       |     1 ||     2
       Scroll            |       |       |    22 ||    22
  Eat: Chunk             |       |       |    13 ||    13
       Ration            |       |       |     3 ||     3
Armor: Ring mail         |       |       |   166 ||   166
       Leather armour    |       |       |    29 ||    29
       Chain mail        |       |       |    81 ||    81
Dodge: Dodged            |       |       |   216 ||   216
